SAAA
VERMONT LAKE MONSTERS @ CALGARY LYNX
08/24/2028
 
TOP OF THE 1ST
Vermont Lake Monsters batting - Pitching for Calgary Lynx : LHP Héctor Cortéz
Pitching: LHP Héctor Cortéz
Batting: RHB Rodrigo Velasco 0-0: Ball
1-0: Ball
2-0: Fly out, F5 (Line Drive, 5)
Batting: RHB José Alcalá 0-0: Ball
1-0: SINGLE (Popup, 4D)
Batting: RHB Augusto Encarnación 0-0: Ball
1-0: Ball
2-0: Foul Ball, location: 2F
2-1: Called Strike
2-2: Ball
3-2: Strikes out swinging
Batting: LHB Arturo Gonzáles 0-0: Ball
1-0: Foul Ball, location: 2F
1-1: Ball
2-1: Ball
José Alcalá steals 2nd base
3-1: Foul Ball, location: 2F
3-2: Foul Ball, location: 2F
3-2: Strikes out swinging
Top of the 1st over - 0 run(s), 1 hit(s), 0 error(s), 1 left on base; Vermont 0 - Calgary 0
BOTTOM OF THE 1ST
Calgary Lynx batting - Pitching for Vermont Lake Monsters : RHP Jon Shirley
Pitching: RHP Jon Shirley
Batting: RHB Logan Namajunas 0-0: Ball
1-0: Foul Ball, location: 2F
1-1: Foul Ball, location: 2F
1-2: Ball
2-2: Ball
3-2: Foul Ball, location: 2F
3-2: Foul Ball, location: 2F
3-2: Foul Ball, location: 2F
3-2: Fly out, F9 (Flyball, 9S)
Batting: LHB Daniel García 0-0: Ball
1-0: Ball
2-0: Called Strike
2-1: Ball
3-1: Foul Ball, location: 2F
3-2: Base on Balls
Batting: RHB Gilberto Rodríguez 0-0: Fly out, F9 (Flyball, 9S)
Batting: LHB Herman Hayes 0-0: Ball
1-0: Swinging Strike
1-1: Ball
2-1: Fly out, F5 (Line Drive, 56)
Bottom of the 1st over - 0 run(s), 0 hit(s), 0 error(s), 1 left on base; Vermont 0 - Calgary 0
TOP OF THE 2ND
Vermont Lake Monsters batting - Pitching for Calgary Lynx : LHP Héctor Cortéz
Batting: RHB Rafael Pueblo 0-0: Ball
1-0: Called Strike
1-1: Fly out, F9 (Flyball, 9S)
Batting: RHB Justin Smelter 0-0: Foul Ball, location: 2F
0-1: SINGLE (Line Drive, 34)
Batting: SHB Enrico Mejía 0-0: Ball
1-0: Foul Ball, location: 2F
1-1: Called Strike
1-2: Ball
2-2: Ball
3-2: Strikes out looking
Batting: LHB Brad Tillman 0-0: Ball
1-0: Called Strike
1-1: Ground out 6-3 (Groundball, 6M)
Top of the 2nd over - 0 run(s), 1 hit(s), 0 error(s), 1 left on base; Vermont 0 - Calgary 0
BOTTOM OF THE 2ND
Calgary Lynx batting - Pitching for Vermont Lake Monsters : RHP Jon Shirley
Batting: RHB Jesús Martínez 0-0: Foul Ball, location: 2F
0-1: Ball
1-1: Ball
2-1: Foul Ball, location: 2F
2-2: Foul Ball, location: 2F
2-2: Strikes out swinging
Batting: LHB José León 0-0: Swinging Strike
0-1: Ball
1-1: Fly out, F7 (Line Drive, 78XD)
Batting: RHB Hieu De 0-0: Called Strike
0-1: Swinging Strike
0-2: Strikes out swinging
Bottom of the 2nd over - 0 run(s), 0 hit(s), 0 error(s), 0 left on base; Vermont 0 - Calgary 0
TOP OF THE 3RD
Vermont Lake Monsters batting - Pitching for Calgary Lynx : LHP Héctor Cortéz
Batting: RHB Ryan Elmore 0-0: Ground out 4-3 (Groundball, 4)
Batting: RHB Rodrigo Velasco 0-0: Ball
1-0: Called Strike
1-1: Foul Ball, location: 2F
1-2: Foul Ball, location: 2F
1-2: Strikes out swinging
Batting: RHB José Alcalá 0-0: Called Strike
0-1: Ball
1-1: SINGLE (Groundball, 34D)
Batting: RHB Augusto Encarnación 0-0: TRIPLE (Flyball, 78D)
José Alcalá scores
Batting: LHB Arturo Gonzáles 0-0: Ball
1-0: Foul Ball, location: 2F
1-1: Ball
2-1: Ball
3-1: Fly out, F9 (Flyball, 9S)
Top of the 3rd over - 1 run(s), 2 hit(s), 0 error(s), 1 left on base; Vermont 1 - Calgary 0
BOTTOM OF THE 3RD
Calgary Lynx batting - Pitching for Vermont Lake Monsters : RHP Jon Shirley
Batting: RHB Bass Reeves 0-0: Ball
1-0: Called Strike
1-1: SINGLE (Flyball, 89S)
Batting: RHB Michael Garrett 0-0: Ball
1-0: Ball
2-0: Called Strike
2-1: SINGLE (Line Drive, 8RS)
Bass Reeves to second
Batting: RHB Logan Namajunas 0-0: Ball
1-0: Ball
2-0: Foul Ball, location: 2F
2-1: Ball
3-1: Base on Balls
Bass Reeves to third
Michael Garrett to second
Batting: LHB Daniel García 0-0: Swinging Strike
0-1: Ball
1-1: Foul Ball, location: 2F
1-2: Foul Ball, location: 2F
1-2: Ball
2-2: Foul Ball, location: 2F
2-2: Ball
3-2: SINGLE (Line Drive, 89S)
Bass Reeves scores
Michael Garrett to third
Logan Namajunas to second
Batting: RHB Gilberto Rodríguez 0-0: Called Strike
0-1: Called Strike
0-2: Ball
1-2: Ball
2-2: Ball
3-2: Fly out, F7 (Line Drive, 7)
Runner from 3rd tags up, SCORES, no throw
Batting: LHB Herman Hayes 0-0: Ball
1-0: Foul Ball, location: 2F
1-1: Grounds into double play, 4-6-3 (Groundball, 34)
Bottom of the 3rd over - 2 run(s), 3 hit(s), 0 error(s), 1 left on base; Vermont 1 - Calgary 2
TOP OF THE 4TH
Vermont Lake Monsters batting - Pitching for Calgary Lynx : LHP Héctor Cortéz
Batting: RHB Rafael Pueblo 0-0: Ball
1-0: Called Strike
1-1: Foul Ball, location: 2F
1-2: Ball
2-2: Fly out, F6 (Line Drive, 6)
Batting: RHB Justin Smelter 0-0: Called Strike
0-1: Ball
1-1: Foul Ball, location: 2F
1-2: SINGLE (Line Drive, 9S)
Batting: SHB Enrico Mejía 0-0: Ball
1-0: Grounds into double play, 6-4-3 (Groundball, 6)
Top of the 4th over - 0 run(s), 1 hit(s), 0 error(s), 0 left on base; Vermont 1 - Calgary 2
BOTTOM OF THE 4TH
Calgary Lynx batting - Pitching for Vermont Lake Monsters : RHP Jon Shirley
Batting: RHB Jesús Martínez 0-0: Ball
1-0: Called Strike
1-1: Foul Ball, location: 2F
1-2: Strikes out swinging
Batting: LHB José León 0-0: Ball
1-0: Ball
2-0: Ball
3-0: Base on Balls
Batting: RHB Hieu De 0-0: Ball
1-0: DOUBLE (Line Drive, 78D)
José León to third
Runner from 3rd tries for Home, SAFE, no throw
Batting: RHB Bass Reeves 0-0: Foul Ball, location: 2F
0-1: Ground out 4-3 (Groundball, 4M)
Hieu De to third
Batting: RHB Michael Garrett 0-0: Ball
1-0: Called Strike
1-1: Foul Ball, location: 2F
1-2: Ball
2-2: Fly out, F8 (Flyball, 8LS)
Bottom of the 4th over - 1 run(s), 1 hit(s), 0 error(s), 1 left on base; Vermont 1 - Calgary 3
TOP OF THE 5TH
Vermont Lake Monsters batting - Pitching for Calgary Lynx : LHP Héctor Cortéz
Batting: LHB Brad Tillman 0-0: Ball
1-0: Foul Ball, location: 2F
1-1: DOUBLE (Flyball, 7LM)
Batting: RHB Ryan Elmore 0-0: Called Strike
0-1: Called Strike
0-2: Foul Ball, location: 2F
0-2: Ground out 4-3 (Groundball, 4)
Brad Tillman to third
Batting: RHB Rodrigo Velasco 0-0: Foul Ball, location: 2F
0-1: Foul Ball, location: 2F
0-2: Ball
1-2: Fly out, F9 (Flyball, 9S)
Batting: RHB José Alcalá 0-0: Ball
1-0: Called Strike
1-1: Swinging Strike
1-2: Ball
Wild Pitch!
Brad Tillman scores
2-2: Ball
3-2: Ground out 4-3 (Groundball, 4)
Top of the 5th over - 1 run(s), 1 hit(s), 0 error(s), 0 left on base; Vermont 2 - Calgary 3
BOTTOM OF THE 5TH
Calgary Lynx batting - Pitching for Vermont Lake Monsters : RHP Jon Shirley
Batting: RHB Logan Namajunas 0-0: Ball
1-0: Ground out 1-3 (Groundball, 15S)
Batting: LHB Daniel García 0-0: Called Strike
0-1: Ball
1-1: Foul Ball, location: 2F
1-2: Ground out 4-3 (Groundball, 34)
Batting: RHB Gilberto Rodríguez 0-0: Ball
1-0: Fly out, F2 (Popup, 3S)
Bottom of the 5th over - 0 run(s), 0 hit(s), 0 error(s), 0 left on base; Vermont 2 - Calgary 3
TOP OF THE 6TH
Vermont Lake Monsters batting - Pitching for Calgary Lynx : LHP Héctor Cortéz
Batting: RHB Augusto Encarnación 0-0: Ground out 6-3 (Groundball, 6)
Batting: LHB Arturo Gonzáles 0-0: Ball
1-0: Foul Ball, location: 2F
1-1: Swinging Strike
1-2: Foul Ball, location: 2F
1-2: Foul Ball, location: 2F
1-2: Foul Ball, location: 2F
1-2: Ball
2-2: Fly out, F9 (Flyball, 9)
Batting: RHB Rafael Pueblo 0-0: Called Strike
0-1: Fly out, F4 (Flyball, 4D)
Top of the 6th over - 0 run(s), 0 hit(s), 0 error(s), 0 left on base; Vermont 2 - Calgary 3
BOTTOM OF THE 6TH
Calgary Lynx batting - Pitching for Vermont Lake Monsters : RHP Jon Shirley
Batting: LHB Herman Hayes 0-0: Called Strike
0-1: Foul Ball, location: 2F
0-2: Ball
1-2: Ball
2-2: DOUBLE (Flyball, 8RXD)
Batting: RHB Jesús Martínez 0-0: Ball
1-0: Called Strike
1-1: Called Strike
1-2: Ball
2-2: Strikes out swinging
Batting: LHB José León 0-0: Ball
1-0: Ball
2-0: SINGLE (Groundball, 56D)
Herman Hayes to third
Runner from 3rd tries for Home, SAFE, throw made home
Batting: RHB Hieu De 0-0: Ball
1-0: Ball
2-0: Swinging Strike
2-1: Swinging Strike
2-2: Strikes out swinging
Batting: RHB Bass Reeves 0-0: Ball
1-0: SINGLE (Line Drive, 9S)
José León to second
Runner from 2nd tries for 3rd, SAFE, no throw
Batting: RHB Michael Garrett 0-0: Called Strike
0-1: Ball
1-1: Called Strike
1-2: Foul Ball, location: 2F
1-2: Ball
2-2: Strikes out swinging, 2-3 out at first.
Bottom of the 6th over - 1 run(s), 3 hit(s), 0 error(s), 2 left on base; Vermont 2 - Calgary 4
TOP OF THE 7TH
Vermont Lake Monsters batting - Pitching for Calgary Lynx : LHP Héctor Cortéz
Batting: RHB Justin Smelter 0-0: Ball
1-0: Swinging Strike
1-1: Foul Ball, location: 2F
1-2: Foul Ball, location: 2F
1-2: SINGLE (Groundball, 6MD)
Batting: SHB Enrico Mejía 0-0: Ball
1-0: Ball
2-0: Called Strike
2-1: Swinging Strike
2-2: Strikes out swinging
Batting: LHB Brad Tillman 0-0: SINGLE (Groundball, 34) (infield hit)
Justin Smelter to second
Pinch Hitting: RHB Ray John 0-0: Ball
Justin Smelter steals 3rd base
Brad Tillman to second
1-0: Ball
2-0: Ball
3-0: Called Strike
3-1: Foul Ball, location: 2F
3-2: Base on Balls
Pitching: RHP Domingo Velasco
Batting: RHB Rodrigo Velasco 0-0: Swinging Strike
0-1: Fly out, F7 (Flyball, 7)
Runner from 3rd tags up, SCORES, no throw
Batting: RHB José Alcalá 0-0: Ball
1-0: Ball
2-0: Fielders Choice at 2nd, 6-4 (Groundball, 6)
Top of the 7th over - 1 run(s), 2 hit(s), 0 error(s), 1 left on base; Vermont 3 - Calgary 4
BOTTOM OF THE 7TH
Calgary Lynx batting - Pitching for Vermont Lake Monsters : RHP Jon Shirley
Now at SS: Gene Lucero
Batting: RHB Logan Namajunas 0-0: Ball
1-0: Swinging Strike
1-1: Ball
2-1: Foul Ball, location: 2F
2-2: Ground out 4-3 (Groundball, 4S)
Pitching: RHP Javier Matajudíos
Batting: LHB Daniel García 0-0: Ball
1-0: Called Strike
1-1: Ball
2-1: Ball
3-1: Base on Balls
Batting: RHB Gilberto Rodríguez 0-0: Called Strike
0-1: Foul Ball, location: 2F
0-2: Ball
Wild Pitch!
Daniel García to second
1-2: Ground out 5-3 (Groundball, 5)
Batting: LHB Herman Hayes 0-0: Ball
1-0: Foul Ball, location: 2F
1-1: Foul Ball, location: 2F
1-2: Ball
2-2: Ball
3-2: Foul Ball, location: 2F
3-2: Base on Balls
Batting: RHB Jesús Martínez 0-0: Ball
1-0: Foul Ball, location: 2F
1-1: Fly out, F9 (Flyball, 9LS)
Bottom of the 7th over - 0 run(s), 0 hit(s), 0 error(s), 2 left on base; Vermont 3 - Calgary 4
TOP OF THE 8TH
Vermont Lake Monsters batting - Pitching for Calgary Lynx : RHP Domingo Velasco
Batting: RHB Augusto Encarnación 0-0: Called Strike
0-1: Hit by Pitch
Pitching: RHP Mark Simmons
Batting: LHB Arturo Gonzáles 0-0: Ball
1-0: Called Strike
1-1: Ball
2-1: SINGLE (Flyball, 8LS)
Augusto Encarnación to second
Batting: RHB Rafael Pueblo 0-0: Ball
1-0: Called Strike
1-1: Ball
2-1: Fielders Choice at 2nd, 6-4 (Groundball, 6)
Augusto Encarnación to third
Pinch Hitting: LHB Chris Gregory 0-0: Ball
1-0: Swinging Strike
1-1: Ball
2-1: Foul Ball, location: 2F
2-2: Ball
3-2: Strikes out looking
Batting: SHB Enrico Mejía 0-0: Ball
1-0: Swinging Strike
1-1: Ground out 1-3 (Groundball, 13S)
Top of the 8th over - 0 run(s), 1 hit(s), 0 error(s), 2 left on base; Vermont 3 - Calgary 4
BOTTOM OF THE 8TH
Calgary Lynx batting - Pitching for Vermont Lake Monsters : RHP Javier Matajudíos
Now at 3B: Zelmar Barajas
Batting: LHB José León 0-0: Ball
1-0: Ball
2-0: Ball
3-0: Base on Balls
Batting: RHB Hieu De 0-0: Sac Bunt - play at first, batter OUT! 1-4
José León to second
Pinch Hitting: RHB Álex Estrada 0-0: Intentional Walk
Pinch Hitting: SHB Lowell Moon 0-0: Fly out, F9 (Flyball, 89S)
Batting: RHB Logan Namajunas 0-0: Ball
1-0: Fly out, F9 (Flyball, 9S)
Bottom of the 8th over - 0 run(s), 0 hit(s), 0 error(s), 2 left on base; Vermont 3 - Calgary 4
TOP OF THE 9TH
Vermont Lake Monsters batting - Pitching for Calgary Lynx : RHP Mark Simmons
Pitching: RHP Alfonso Vera
Now at 3B: Lowell Moon
Now at SS: Miguel Rosales
Batting: LHB Brad Tillman 0-0: Ball
1-0: Fly out, F8 (Line Drive, 8LM)
Pinch Hitting: LHB Luis Freitas 0-0: Ball
1-0: Ball
2-0: Called Strike
2-1: Foul Ball, location: 2F
2-2: Ball
3-2: Fly out, F2 (Popup, 3S)
Batting: RHB Rodrigo Velasco 0-0: Called Strike
0-1: Ball
1-1: Ball
2-1: Foul Ball, location: 2F
2-2: Foul Ball, location: 2F
2-2: Ball
3-2: Foul Ball, location: 2F
3-2: Foul Ball, location: 2F
3-2: Strikes out swinging
Top of the 9th over - 0 run(s), 0 hit(s), 0 error(s), 0 left on base; Vermont 3 - Calgary 4
Tuesday, August 29th, 2017 - OOTP Baseball 17.12 Build 75